[Event "Team 45 45 League T38"]
[Site "Internet Chess Club"]
[Date "2008.08.25"]
[Round "5"]
[White "cityprosecutor"]
[Black "sra66"]
[Result "1/2-1/2"]
[WhiteElo "1722"]
[BlackElo "1612"]
[Opening "Sicilian defense"]
[ECO "B20"]
[Time "19:23:12"]
[TimeControl "2700+45"]

1. e4 c5 2. d3 Nc6 3. g3 d5 4. Nd2 e5 5. Bg2 Nf6 6. Ngf3 dxe4 7. dxe4 Be7 8. O-O
O-O 9. a4 Bg4 10. c3 Qc8 11. Re1 Rd8 12. Qc2 Bh3 13. Bh1 Qg4 14. Nc4 Nd7 15. Ne3
Qg6 16. Nd5 Bd6 17. Bg5 Nf6 18. Qc1 h6 19. Nxf6+ gxf6 20. Bxh6 Kh7 21. Bd2 Rg8
22. Nh4 Qh5 23. Ng2 Rg6 24. Qd1 Bg4 25. f3 Bxf3 26. Qb3 Kg7 27. Qxb7 Rh8 28. Kf2
Qxh2 29. Kxf3 Qxg3+ 30. Ke2 Qg4+ 31. Kd3 c4+ 32. Kc2 Rxh1 33. Qxc6 Rxe1 34. Nxe1
f5 35. Qxc4 Qxe4+ 36. Qxe4 fxe4 37. Be3 a6 38. Rd1 f5 39. c4 f4 40. c5 Be7 41.
Rd7 Kf8 42. Rd5 fxe3 43. Rxe5 Rg1 44. c6 Bd6 45. Rxe4 Rxe1 46. Kd3 Rc1 47. Kxe3
Rxc6 48. Kd4 Rb6 49. Kd5 Be7 50. Re2 Rb4 51. b3 Rxb3 52. Re6 a5 53. Ra6 Bd8 54.
Ra8 Ke8 {Game drawn by mutual agreement} 1/2-1/2

[Event "Team 45 45 League T38"]
[Site "Internet Chess Club"]
[Date "2008.08.26"]
[Round "5"]
[White "oldsj"]
[Black "ElMarginal"]
[Result "1-0"]
[WhiteElo "1572"]
[BlackElo "1464"]
[Opening "Caro-Kann: Panov-Botvinnik attack, 5...e6"]
[ECO "B14"]
[Time "20:00:28"]
[TimeControl "2700+45"]

1. e4 c6 2. d4 d5 3. exd5 cxd5 4. c4 Nf6 5. Nc3 e6 6. Nf3 Be7 7. Be2 b6 8. O-O
O-O 9. Ne5 Ba6 10. Bf3 Bb7 11. Bf4 Nc6 12. cxd5 Nxd5 13. Nxd5 exd5 14. Re1 Nb8
15. Rc1 Nd7 16. Nxd7 Qxd7 17. Rc7 Qf5 18. Rexe7 Qxf4 19. Rxb7 Rac8 20. Re1 Rc4
21. Rbe7 Rxd4 22. Qe2 Rd2 23. Qb5 Qd4 24. Rf1 Rxb2 25. Qxd5 Qa4 26. Qc6 Qxc6 27.
Bxc6 Rxa2 28. Rfe1 g6 29. g3 a6 30. Ra7 a5 31. Re8 Rc2 32. Rxf8+ Kxf8 33. Bd5
Re2 34. Rxf7+ Ke8 35. Rxh7 b5 36. Bc6+ Kd8 37. Bxb5 Rb2 38. Bd3 a4 39. Ra7 Rb4
40. Bxg6 Kc8 41. Bc2 Rb2 42. Bf5+ {Black resigns} 1-0

[Event "Team 45 45 League T38"]
[Site "Internet Chess Club"]
[Date "2008.08.26"]
[Round "5"]
[White "theartist"]
[Black "beerss"]
[Result "0-1"]
[WhiteElo "1266"]
[BlackElo "1460"]
[Opening "QGD: exchange, positional line"]
[ECO "D35"]
[Time "12:30:36"]
[TimeControl "2700+45"]

1. d4 d5 2. c4 e6 3. Nc3 Nf6 4. cxd5 exd5 5. Bg5 Be7 6. Qc2 O-O 7. Nf3 c6 8. e3
Bg4 9. Be2 Nbd7 10. O-O Re8 11. Rfe1 Bb4 12. a3 Bd6 13. h3 Bh5 14. Nh4 Bxe2 15.
Rxe2 Qc7 16. Nf3 Ne4 17. Bh4 Nf8 18. Nxd5 cxd5 19. Qxc7 Bxc7 20. Rc1 Bd6 21.
Rec2 h6 22. Nd2 Nxd2 23. Rxd2 Ng6 24. Bg3 Bxg3 25. fxg3 Rxe3 26. Kf2 Ree8 27.
Rc7 b6 28. Rd7 Red8 29. Rxd8+ Rxd8 30. Rc2 Nf8 31. Rc7 Rd7 32. Rxd7 Nxd7 33. Kf3
Kf8 34. Kf4 Ke7 35. g4 Kf6 36. h4 a6 37. g5+ hxg5+ 38. hxg5+ Kg6 39. b3 f6 40.
gxf6 Kxf6 41. g4 g5+ 42. Ke3 Nf8 43. Kd3 Ne6 44. Ke3 Ke7 45. Kd3 Kd7 46. Kc3 Kc7
47. b4 b5 48. Kd3 Kb6 49. Ke3 a5 50. Kd3 axb4 51. axb4 Nf4+ 52. Ke3 Ng2+ 53. Kf2
Nf4 54. Ke3 Ng6 55. Kf3 Ne7 56. Ke3 Nc6 57. Kd3 Ka6 58. Kc3 Nxb4 59. Kxb4 Kb6
60. Kb3 Ka5 61. Ka3 b4+ 62. Kb3 Kb5 63. Kc2 Kc4 64. Kb2 b3 65. Ka3 b2 66. Kxb2
Kxd4 67. Kc2 Ke3 68. Kd1 Kd3 69. Ke1 Kc2 70. Ke2 d4 71. Kf3 d3 72. Ke4 d2 73.
Kf5 d1=Q 74. Kxg5 Qd8+ 75. Kf5 Qg8 76. Kf4 Kd3 77. g5 Kd4 78. Kf5 Kd5 79. Kf6
Kd6 80. g6 Kd7 81. Kg5 Qg7 82. Kf5 Ke7 83. Kg5 Ke6 84. Kh5 Kf6 {White resigns}
0-1

[Event "Team 45 45 League T38"]
[Site "Internet Chess Club"]
[Date "2008.08.27"]
[Round "5"]
[White "aifan376"]
[Black "az2112"]
[Result "0-1"]
[WhiteElo "1619"]
[BlackElo "1702"]
[Opening "Sicilian: Scheveningen, English variation"]
[ECO "B90"]
[Time "21:00:41"]
[TimeControl "2700+45"]

1. e4 c5 2. Nf3 d6 3. d4 cxd4 4. Nxd4 Nf6 5. Nc3 a6 6. Be3 e6 7. Qd2 b5 8. a3
Bb7 9. f3 Be7 10. g4 Nc6 11. h4 O-O 12. h5 Nd7 13. f4 Nxd4 14. Bxd4 e5 15. Bf2
exf4 16. Qxf4 Ne5 17. Be3 Bg5 18. Qg3 Bxe3 19. Qxe3 Nxg4 20. Qf4 Ne5 21. O-O-O
f5 22. Rg1 fxe4 23. Qg3 Qf6 24. Rxd6 Qf4+ 25. Qxf4 Rxf4 26. Rb6 Raf8 27. Bxb5
axb5 28. Rxb7 Rf1+ 29. Rxf1 Rxf1+ 30. Kd2 Nc4+ 31. Ke2 Rh1 32. Rxb5 Rh2+ 33. Kd1
Ne3+ 34. Kc1 Rh1+ 35. Kd2 Nc4+ 36. Ke2 Rh2+ 37. Ke1 Rh1+ 38. Kf2 e3+ 39. Ke2
Rh2+ 40. Kd3 Nd6 41. Re5 Kf7 42. Rxe3 Rxh5 43. b4 Nb5 44. Nxb5 Rxb5 45. c4 Rb7
46. Kd4 g5 47. c5 h5 48. Kd5 g4 49. Kc6 Re7 50. Rd3 Re6+ 51. Rd6 g3 52. Rxe6
Kxe6 53. Kb7 g2 54. c6 g1=Q 55. c7 Qg7 56. Kb8 Qe5 57. Kc8 Qh8+ 58. Kb7 Kd7 59.
b5 Qc8+ 60. Ka7 Qxc7+ 61. Ka6 Qd6+ 62. b6 Qxa3+ 63. Kb7 {White resigns} 0-1

[Event "Team 45 45 League T38"]
[Site "Internet Chess Club"]
[Date "2008.08.24"]
[Round "5"]
[White "Manch"]
[Black "GadsHill"]
[Result "1-0"]
[WhiteElo "1550"]
[BlackElo "1562"]
[Opening "QGD: Lasker defense, main line"]
[ECO "D57"]
[Time "13:02:13"]
[TimeControl "2700+45"]

1. d4 d5 2. c4 e6 3. Nc3 Nf6 4. Bg5 Be7 5. e3 O-O 6. Nf3 h6 7. Bh4 Ne4 8. Bxe7
Qxe7 9. cxd5 Nxc3 10. bxc3 exd5 11. Qb3 Rd8 12. c4 dxc4 13. Bxc4 Nc6 14. Be2 b6
15. O-O Bb7 16. Rfc1 Na5 17. Qb2 Rac8 18. Rc3 c5 19. Rac1 cxd4 20. Nxd4 Rxc3 21.
Rxc3 Qg5 22. Nf3 Qf6 23. Qc2 Nc6 24. a3 Ne5 25. Nxe5 Qxe5 26. Rc7 Qa1+ 27. Bf1
Ba6 28. Qc1 Qxc1 29. Rxc1 Bxf1 30. Kxf1 Rd7 31. Ke2 Kf8 32. f4 Ke7 33. g4 g6 34.
h4 Ke6 35. e4 f6 36. Ke3 Kf7 37. f5 g5 38. hxg5 hxg5 39. Rc6 Re7 40. Rc3 Re5 41.
Rc7+ Re7 42. Rxe7+ Kxe7 43. Kd4 Kd6 44. a4 a6 45. Kc4 Ke5 46. Kd3 Kf4 47. Kd4 b5
48. axb5 axb5 49. e5 fxe5+ 50. Kc5 e4 51. f6 e3 52. f7 e2 53. f8=Q+ Kxg4 {Black
resigns} 1-0

[Event "Team 45 45 League T38"]
[Site "Internet Chess Club"]
[Date "2008.08.25"]
[Round "5"]
[White "SoaringEagle"]
[Black "Chess2Play"]
[Result "0-1"]
[WhiteElo "1406"]
[BlackElo "1599"]
[Opening "Queen's pawn game, Rubinstein (Colle-Zukertort) variation"]
[ECO "D05"]
[Time "08:38:04"]
[TimeControl "2700+45"]

1. d4 d5 2. Nf3 Nf6 3. e3 e6 4. Bd3 c5 5. b3 cxd4 6. exd4 Nc6 7. a3 Bd6 8. O-O
Qc7 9. Bb2 O-O 10. Nbd2 Ne7 11. Re1 Ng6 12. Ne5 Nf4 13. Bf1 Bd7 14. Rc1 b5 15.
Qf3 Ng6 16. c4 bxc4 17. bxc4 Rab8 18. cxd5 Qa5 19. Ndc4 Qc7 20. Qc3 Nxd5 21. Qd2
Be7 22. Nxd7 Qxd7 23. Ne5 Nxe5 24. dxe5 h6 25. Bc4 Bg5 26. Qd4 Bxc1 27. Rxc1
Rfc8 28. f4 Qa4 29. h3 Nxf4 {White resigns} 0-1

[Event "Team 45 45 League T38"]
[Site "Internet Chess Club"]
[Date "2008.08.23"]
[Round "5"]
[White "Toalla"]
[Black "musk6868"]
[Result "0-1"]
[WhiteElo "1085"]
[BlackElo "1564"]
[Opening "Queen's gambit declined"]
[ECO "D30"]
[Time "07:06:06"]
[TimeControl "2700+45"]

1. d4 d5 2. c4 e6 3. Nf3 Nf6 4. g3 Nbd7 5. cxd5 exd5 6. Bg2 Bd6 7. O-O O-O 8.
Nc3 Nb6 9. b3 Bg4 10. Bb2 Re8 11. Qc2 Rc8 12. e3 c5 13. Qd3 c4 14. Qe2 Ne4 15.
Rac1 Bb4 16. Qe1 cxb3 17. axb3 Re7 18. Rc2 Rec7 19. Qc1 Nxc3 {White resigns} 0-1

[Event "Team 45 45 League T38"]
[Site "Internet Chess Club"]
[Date "2008.08.23"]
[Round "5"]
[White "kinghunter08"]
[Black "Ser-Enigma"]
[Result "1/2-1/2"]
[WhiteElo "2123"]
[BlackElo "2094"]
[Opening "Queen's pawn: London system"]
[ECO "A45"]
[Time "12:08:36"]
[TimeControl "2700+45"]

1. d4 Nf6 2. Bf4 g6 3. e3 Bg7 4. Nf3 d5 5. h3 O-O 6. Be2 Nbd7 7. O-O b6 8. c4
Bb7 9. Nc3 dxc4 10. Bxc4 c6 11. Rc1 b5 12. Bb3 a5 13. Bc2 Nb6 14. Ne4 Nxe4 15.
Bxe4 Nd5 16. Bxd5 Qxd5 17. a3 Rfd8 18. Qc2 b4 19. Qc5 Qxc5 20. Rxc5 e6 21. Ne5
Bxe5 22. Bxe5 Rd5 23. Rxd5 cxd5 24. Rc1 Rc8 25. Rxc8+ Bxc8 26. a4 b3 27. Kf1 Bd7
28. Bc7 Bxa4 29. Bxa5 Bb5+ 30. Ke1 h5 31. Kd2 Bf1 32. g3 Kf8 33. Kc3 Bc4 34. Kb4
Ke7 35. Kc5 Kd7 36. e4 f5 37. exf5 exf5 38. h4 Ke6 39. Kc6 f4 40. Bd2 fxg3 41.
fxg3 Bd3 42. Kc5 Be4 43. Bf4 Bd3 44. Kc6 Be4 45. Kc7 Bc2 46. Kd8 Bf5 47. Kc7
{Game drawn by mutual agreement} 1/2-1/2

[Event "Team 45 45 League T38"]
[Site "Internet Chess Club"]
[Date "2008.08.24"]
[Round "5"]
[White "JoshRom"]
[Black "DFME"]
[Result "0-1"]
[WhiteElo "2061"]
[BlackElo "1979"]
[Opening "KGA: Abbazia defense (classical defense, modern defense[!])"]
[ECO "C36"]
[Time "18:04:39"]
[TimeControl "2700+45"]

1. e4 e5 2. f4 exf4 3. Nf3 d5 4. exd5 Qxd5 5. Nc3 Qe6+ 6. Be2 Bd6 7. O-O Nd7 8.
d4 Ngf6 9. h3 O-O 10. Bd3 Nb6 11. Re1 Qd7 12. Ne2 Nbd5 13. c4 Ne3 14. Bxe3 fxe3
15. c5 Be7 16. Ne5 Qd8 17. Nf4 Nd7 18. Nxf7 Qe8 19. Bxh7+ Kxh7 20. Qh5+ Kg8 21.
Ng6 Nf6 22. Qh8+ Kxf7 23. Ne5+ Ke6 24. Qxg7 Kd5 25. Rad1 Rg8 26. Qh6 Rg3 27.
Rxe3 Qh5 28. Qf4 Qxd1+ {White resigns} 0-1

[Event "Team 45 45 League T38"]
[Site "Internet Chess Club"]
[Date "2008.08.22"]
[Round "5"]
[White "Ehab"]
[Black "mcplayerus"]
[Result "0-1"]
[WhiteElo "1766"]
[BlackElo "1986"]
[Opening "Sicilian: Richter-Rauzer, Larsen variation"]
[ECO "B60"]
[Time "16:02:46"]
[TimeControl "2700+45"]

1. e4 c5 2. Nf3 Nc6 3. d4 cxd4 4. Nxd4 d6 5. Nc3 Nf6 6. Bg5 Bd7 7. Be2 e6 8. O-O
Be7 9. a3 a6 10. Kh1 O-O 11. Nb3 Na5 12. Bxf6 Bxf6 13. Qxd6 Nxb3 14. cxb3 Bc6
15. Qg3 Bxc3 16. bxc3 Bxe4 17. Rac1 Qb6 18. Bc4 Rad8 19. Rfe1 Bd5 20. Bxd5 Rxd5
21. c4 Rd2 22. c5 Qb5 23. Re3 Rfd8 24. h4 h6 25. Rf3 Rd1+ 26. Rxd1 Rxd1+ 27. Kh2
Rd8 28. Qc7 Qd7 29. Qf4 Qe7 30. Rg3 Kh8 31. b4 e5 32. Qg4 f6 33. h5 Qd7 34. Qg6
Rg8 35. Rd3 Qe7 36. Qf5 Rd8 37. Rg3 a5 38. Qg6 axb4 39. axb4 Rd4 40. Ra3 Qd8 41.
b5 f5 42. g3 f4 43. c6 fxg3+ 44. fxg3 bxc6 45. bxc6 Rd6 46. Ra8 Rd2+ {White
resigns} 0-1

[Event "Team 45 45 League T38"]
[Site "Internet Chess Club"]
[Date "2008.08.23"]
[Round "5"]
[White "charles-allen"]
[Black "Kingofknights"]
[Result "1-0"]
[WhiteElo "1882"]
[BlackElo "1730"]
[Opening "Caro-Kann: anti-anti-Caro-Kann defense"]
[ECO "B10"]
[Time "09:34:44"]
[TimeControl "2700+45"]

1. e4 c6 2. c4 d5 3. cxd5 cxd5 4. exd5 Qxd5 5. Nc3 Qd8 6. Nf3 g6 7. Bc4 Bg7 8.
O-O e6 9. d4 Ne7 10. Bg5 Qb6 11. Qe2 Nbc6 12. d5 Na5 13. Bb5+ Bd7 14. Bxd7+ Kxd7
15. dxe6+ Qxe6 16. Rad1+ Ke8 17. Qb5+ Nac6 18. Rfe1 a6 19. Qxb7 Qc8 20. Rxe7+
{Black resigns} 1-0

[Event "Team 45 45 League T38"]
[Site "Internet Chess Club"]
[Date "2008.08.22"]
[Round "5"]
[White "cappelo-upgrate"]
[Black "Campagnolo"]
[Result "0-1"]
[WhiteElo "2221"]
[BlackElo "2044"]
[Opening "Benkö gambit"]
[ECO "A57"]
[Time "17:00:09"]
[TimeControl "2700+45"]

1. d4 Nf6 2. c4 c5 3. d5 b5 4. Nc3 bxc4 5. e4 d6 6. Nf3 Nbd7 7. Bxc4 g6 8. O-O
Bg7 9. Re1 O-O 10. e5 dxe5 11. Nxe5 Nxe5 12. Rxe5 Qd6 13. Bf4 Nh5 14. Nb5 Qf6
15. Qe1 Nxf4 16. Rxe7 Nxg2 17. Kxg2 Bh3+ 18. Kg3 Bf5 19. Qe3 Bh6 20. Qxh6 Qxe7
21. Qf4 Qf6 22. d6 g5 23. Qe3 a6 {White resigns} 0-1

[Event "Team 45 45 League T38"]
[Site "Internet Chess Club"]
[Date "2008.08.23"]
[Round "5"]
[White "nosalt"]
[Black "proudchess"]
[Result "1/2-1/2"]
[WhiteElo "1989"]
[BlackElo "1851"]
[Opening "Sicilian defense"]
[ECO "B40"]
[Time "13:00:09"]
[TimeControl "2700+45"]

1. e4 c5 2. Nf3 e6 3. Nc3 Nc6 4. d4 d5 5. exd5 exd5 6. dxc5 Bxc5 7. Qxd5 Qe7+ 8.
Qe4 Bg4 9. Be2 Nf6 10. Qxe7+ Bxe7 11. a3 Bf5 12. Bd1 O-O-O 13. O-O Rhe8 14. Bf4
a6 15. h3 Bd6 16. Bxd6 Rxd6 17. Ne2 Bxc2 18. Bxc2 Rxe2 19. Rac1 h6 20. b4 Kb8
21. Bb3 Rd7 22. Ba4 Kc7 23. Bxc6 bxc6 24. a4 Rd5 25. Rc4 c5 26. Rfc1 Ne4 27. Nd4
Rxf2 28. Ne6+ fxe6 29. Rxe4 Rf6 30. bxc5 e5 31. Rg4 g5 32. h4 Rf4 33. Rxf4 gxf4
34. c6 Rd6 35. Rc5 e4 36. Rf5 e3 37. Kf1 Rd4 38. a5 Kxc6 39. Ke1 Ra4 40. Rh5
Ra1+ 41. Ke2 Ra2+ 42. Kf1 Rf2+ 43. Kg1 Rd2 44. Rxh6+ Rd6 45. Rxd6+ Kxd6 46. Kf1
Ke5 47. Ke2 Ke4 48. h5 Kf5 49. Kf3 Kg5 50. g4 Kf6 51. h6 Kg6 52. g5 Kh7 53. Ke2
Kg6 54. Kf3 {Game drawn by mutual agreement} 1/2-1/2

[Event "Team 45 45 League T38"]
[Site "Internet Chess Club"]
[Date "2008.08.27"]
[Round "5"]
[White "alo"]
[Black "Holm"]
[Result "0-1"]
[WhiteElo "1869"]
[BlackElo "1924"]
[Opening "Sicilian defense"]
[ECO "B30"]
[Time "15:00:10"]
[TimeControl "2700+45"]

1. e4 c5 2. Nf3 Nc6 3. d3 g6 4. g3 Bg7 5. Nbd2 Qc7 6. Bg2 Nf6 7. O-O O-O 8. Re1
e6 9. Nf1 d5 10. h4 b6 11. N1h2 Bb7 12. Bf4 e5 13. Bg5 dxe4 14. dxe4 Rad8 15.
Qe2 h6 16. Bxf6 Bxf6 17. c3 Rd6 18. Rad1 Rfd8 19. Ng4 Bg7 20. Ne3 Ne7 21. Nd2 b5
22. Nb1 c4 23. Rxd6 Rxd6 24. Rd1 Qd7 25. Rxd6 Qxd6 26. Qd2 Nc8 27. Nd5 Bxd5 28.
Qxd5 Qxd5 29. exd5 f5 30. Na3 Nd6 31. Nc2 a5 32. Kf1 e4 33. Ke2 Kf7 34. Ke3 Be5
35. Nd4 Kf6 36. Nc6 a4 37. Bh1 g5 38. hxg5+ hxg5 39. Bg2 f4+ 40. gxf4 gxf4+ 41.
Ke2 f3+ 42. Bxf3 exf3+ 43. Kxf3 Kf5 44. Ke3 Ne8 45. f4 Bxf4+ 46. Kd4 Bc1 47. Kc5
Bxb2 48. Kxb5 a3 49. Kxc4 Nd6+ 50. Kd3 Nb5 51. c4 Nc3 52. Nd4+ Ke5 53. Nc2 Nxa2
54. Nxa3 Bxa3 55. Kc2 Bc5 56. Kd3 Nb4+ 57. Ke2 Kd4 58. Kf3 Kxc4 59. d6 Bxd6 60.
Ke4 Bc7 61. Kf5 Kd5 62. Kg4 Ke5 63. Kf3 Nd5 64. Kg4 Bd8 65. Kf3 Nf4 66. Kg4 Ke4
67. Kg3 Bb6 68. Kg4 Bc5 69. Kg3 Ne2+ 70. Kg2 Kf4 71. Kh3 Kf3 72. Kh2 Ng3 73. Kh3
Bg1 74. Kh4 Ne4 75. Kh3 Ng5+ 76. Kh4 Kf4 77. Kh5 Kf5 78. Kh4 Bf2+ 79. Kh5 Ne6
80. Kh6 Bg3 81. Kh5 Ng7+ 82. Kh6 Kf6 83. Kh7 Kf7 84. Kh6 Bf4+ 85. Kh7 Ne6 86.
Kh8 Be3 87. Kh7 Nf8+ 88. Kh8 Bd4# {White checkmated} 0-1

[Event "Team 45 45 League T38"]
[Site "Internet Chess Club"]
[Date "2008.08.24"]
[Round "5"]
[White "Nosferatu1"]
[Black "touchthis"]
[Result "1-0"]
[WhiteElo "1918"]
[BlackElo "1769"]
[Opening "QGD: Chigorin defense"]
[ECO "D07"]
[Time "12:10:05"]
[TimeControl "2700+45"]

1. d4 d5 2. c4 Nc6 3. cxd5 Qxd5 4. Nf3 e5 5. Nc3 Bb4 6. Bd2 Bxc3 7. Bxc3 e4 8.
Ng1 Nf6 9. e3 O-O 10. Ne2 Bg4 11. h3 Bh5 12. Qc2 Rfe8 13. Nf4 Qd6 14. Nxh5 Nxh5
15. Bc4 Qg6 16. O-O a6 17. b4 b5 18. Bb3 Qd6 19. a3 Nf6 20. Rfc1 Nd5 21. Bb2 Re6
22. Qc5 Nce7 23. Rc2 c6 24. Rac1 Qxc5 25. Rxc5 f6 26. g3 Kf8 27. Kg2 Ke8 28. Bc3
Kd7 29. Be1 Rd6 30. Ra1 g6 31. a4 f5 32. Rac1 Rc8 33. axb5 axb5 34. Ra1 Rc7 35.
Rc2 h6 36. Rca2 Ke6 37. Ra6 Kd7 38. Ra8 Nc8 39. R8a6 Nce7 40. Kf1 Nc8 41. Ke2
Nce7 42. f3 exf3+ 43. Kxf3 Re6 44. Bd2 Rd6 45. Ra8 Nc8 46. R1a3 Ndb6 47. R8a6
Nd5 48. Ra1 Nce7 49. Ra8 Nc8 50. g4 fxg4+ 51. Kxg4 Rf6 52. e4 Ndb6 53. R8a6 Rf2
54. Bxh6 Rb2 55. Bf7 Rxb4 56. Bg7 Ne7 57. Rxb6 {Black resigns} 1-0

[Event "Team 45 45 League T38"]
[Site "Internet Chess Club"]
[Date "2008.08.23"]
[Round "5"]
[White "Mudfrog"]
[Black "Invicta-Knight"]
[Result "1-0"]
[WhiteElo "1461"]
[BlackElo "1528"]
[Opening "Scandinavian: Marshall variation"]
[ECO "B01"]
[Time "12:05:43"]
[TimeControl "2700+45"]

1. e4 d5 2. exd5 Nf6 3. d4 Nxd5 4. Nf3 Bg4 5. c4 Nb6 6. h3 Bh5 7. g4 Bg6 8. Nc3
h5 9. Ne5 Bh7 10. Bg2 c6 11. c5 N6d7 12. Nc4 h4 13. O-O Na6 14. Re1 Nb4 15. Nd6#
{Black checkmated} 1-0

[Event "Team 45 45 League T38"]
[Site "Internet Chess Club"]
[Date "2008.08.26"]
[Round "5"]
[White "houseofcook"]
[Black "t-hobbes"]
[Result "1-0"]
[WhiteElo "1405"]
[BlackElo "1329"]
[Opening "Scotch gambit"]
[ECO "C44"]
[Time "14:01:36"]
[TimeControl "2700+45"]

1. e4 e5 2. Nf3 Nc6 3. d4 exd4 4. Bc4 Bc5 5. c3 dxc3 6. Bxf7+ Kxf7 7. Qd5+ Ke8
8. Qxc5 Nf6 9. Nxc3 d6 10. Qc4 Qe7 11. O-O Be6 12. Qb5 Rb8 13. Bg5 Kf7 14. Rfe1
a6 15. Qe2 Bg4 16. Nd5 Bxf3 17. Qxf3 Nd4 18. Qd3 Qe5 19. f4 Qe6 20. Qxd4 c5 21.
Qd3 Qg4 22. Qb3 Kf8 23. Qb6 Ne8 24. Be7+ Kf7 25. Bxd6 Qd7 26. Bxb8 Nf6 27. Be5
Ng4 28. Rad1 Nxe5 29. fxe5 Rf8 30. e6+ Qxe6 31. Qxe6+ Kxe6 32. Rf1 Rc8 33. Rf4
Kd6 34. Rf7 Kc6 35. Rc7+ Rxc7 36. Nxc7 Kxc7 37. e5 {Black resigns} 1-0

[Event "Team 45 45 League T38"]
[Site "Internet Chess Club"]
[Date "2008.08.24"]
[Round "5"]
[White "Bootsie"]
[Black "rkaebi"]
[Result "1-0"]
[WhiteElo "1249"]
[BlackElo "1340"]
[Opening "Caro-Kann: exchange variation"]
[ECO "B13"]
[Time "13:13:53"]
[TimeControl "2700+45"]

1. e4 c6 2. d4 d5 3. exd5 cxd5 4. Nf3 Nc6 5. Be2 e6 6. c3 Nf6 7. O-O Be7 8. Bg5
O-O 9. Ne5 Nd7 10. Bxe7 Qxe7 11. Nxc6 bxc6 12. Nd2 e5 13. Re1 e4 14. Bg4 Nf6 15.
Bxc8 Rfxc8 16. c4 Qe6 17. h3 g6 18. cxd5 cxd5 19. Nb3 Qb6 20. Rc1 Nd7 21. Qd2
Qa6 22. Rxc8+ Rxc8 23. Nc5 Nxc5 24. dxc5 Rxc5 25. Rc1 Rxc1+ 26. Qxc1 Qxa2 27.
Qc8+ Kg7 28. Qb7 a5 29. Qb6 Qa4 30. b3 Qb4 31. Qe3 a4 32. bxa4 Qxa4 33. Qf4 Qa1+
34. Kh2 Qf6 35. Qe3 Qe6 36. Qd4+ f6 37. Qa7+ Kh6 38. g4 Qe5+ 39. Kg2 d4 40. Qa3
f5 41. Qf8+ Qg7 42. g5+ {Black resigns} 1-0

[Event "Team 45 45 League T38"]
[Site "Internet Chess Club"]
[Date "2008.08.26"]
[Round "5"]
[White "LAJ"]
[Black "AlPearson"]
[Result "1-0"]
[WhiteElo "1791"]
[BlackElo "1443"]
[Opening "Alekhine's defense: Balogh variation"]
[ECO "B03"]
[Time "10:01:56"]
[TimeControl "2700+45"]

1. e4 Nf6 2. e5 Nd5 3. d4 d6 4. Bc4 e6 5. Nf3 Be7 6. O-O O-O 7. Re1 Re8 8. Nc3
Nxc3 9. bxc3 d5 10. Bd3 c5 11. dxc5 Bxc5 12. Ng5 Be7 13. Qh5 f6 14. Qxh7+ Kf8
15. Qh8# {Black checkmated} 1-0

[Event "Team 45 45 League T38"]
[Site "Internet Chess Club"]
[Date "2008.08.21"]
[Round "5"]
[White "Zyme"]
[Black "littleboo"]
[Result "0-1"]
[WhiteElo "1434"]
[BlackElo "1481"]
[Opening "QGD: Tarrasch defense"]
[ECO "D32"]
[Time "22:00:58"]
[TimeControl "2700+45"]

1. d4 d5 2. c4 e6 3. Nc3 c5 4. dxc5 d4 5. Ne4 Bxc5 6. Nxc5 Qa5+ 7. Bd2 Qxc5 8.
Qa4+ Bd7 9. Qb4 Qxb4 10. Bxb4 Nc6 11. Bd6 Nf6 12. Nf3 Ne4 13. Ba3 e5 14. g3 Be6
15. b3 Nc3 16. Bg2 Rd8 17. Nd2 Bf5 18. Bf3 e4 19. Bg2 Rd7 20. Bb2 Nb4 21. Bxc3
dxc3 22. Nxe4 Nc2+ 23. Kf1 Nxa1 24. Nxc3 Nc2 25. Bd5 O-O 26. Kg2 Rfd8 27. e3 h6
28. Nb5 Rxd5 29. cxd5 Rxd5 30. Nc3 Rd3 31. Ne2 Rd2 32. Nf4 Be4+ {White resigns}
0-1

[Event "Team 45 45 League T38"]
[Site "Internet Chess Club"]
[Date "2008.08.25"]
[Round "5"]
[White "Fogbound"]
[Black "SCUGrad"]
[Result "0-1"]
[WhiteElo "1333"]
[BlackElo "1441"]
[Opening "Queen's bishop game"]
[ECO "D00"]
[Time "09:56:45"]
[TimeControl "2700+45"]

1. d4 d5 2. Bf4 Nf6 3. Nf3 Bf5 4. Nh4 Nh5 5. Be3 Bd7 6. Nf3 e6 7. Qd2 Bd6 8. Bg5
Nf6 9. Ne5 Bb5 10. Nc3 Ba6 11. e4 Bxf1 12. Rxf1 Be7 13. Qe2 a6 14. Qf3 Nc6 15.
exd5 Nxd4 16. Qd3 c5 17. O-O-O exd5 18. Rfe1 O-O 19. Re3 Re8 20. Rh3 h6 21. Bxh6
gxh6 22. Qg3+ Kf8 23. Rxh6 Bd6 24. Rh8+ Ke7 25. Rxe8+ Kxe8 26. Qg5 Bxe5 27. Re1
Nd7 28. Qg8+ Ke7 29. Qg5+ Ke8 30. Qg8+ Ke7 31. Nxd5+ Kd6 32. Qxf7 Qg8 33. Qe7+
Kc6 34. Rxe5 Nxe5 35. Qxe5 Qxd5 36. Qf6+ Qe6 37. Qxe6+ Nxe6 38. Kd2 Nf4 39. g3
Ng2 40. c4 Re8 41. h4 Nxh4 42. gxh4 Re4 43. h5 Rxc4 44. Ke3 Rh4 45. f4 Rxh5 46.
Ke4 Rh1 47. Ke5 Kd7 48. Kf6 Rf1 49. f5 Ke8 50. Kg6 Kf8 51. Kf6 b5 52. Ke6 c4 53.
Ke5 Rf2 54. Kd6 Rxb2 55. Kc5 Rxa2 56. Kb4 Kf7 57. Kc3 Kf6 58. Kb4 Kxf5 59. Kc3
Ke4 60. Kb4 Kd3 61. Kc5 c3 62. Kb4 c2 63. Kb3 c1=Q 64. Kxa2 Qc4+ 65. Ka3 Qa4+
66. Kb2 Kc4 67. Kb1 Kc3 68. Kc1 Qa1# {White checkmated} 0-1

[Event "Team 45 45 League T38"]
[Site "Internet Chess Club"]
[Date "2008.08.24"]
[Round "5"]
[White "havertown"]
[Black "NewfieKnight"]
[Result "1-0"]
[WhiteElo "1292"]
[BlackElo "1258"]
[Opening "King's pawn game"]
[ECO "C20"]
[Time "19:57:50"]
[TimeControl "2700+45"]

1. e4 e5 2. c4 Nf6 3. Nc3 Bc5 4. Nf3 Nc6 5. Be2 O-O 6. O-O d6 7. a3 a6 8. h3 Nh5
9. Nxe5 Nxe5 10. Bxh5 Nd3 11. Qe2 Nf4 12. Qf3 Qh4 13. Bg4 Qg5 14. Bxc8 Raxc8 15.
d3 Nxh3+ 16. Qxh3 Qf6 17. Nd5 Qd8 18. Qg3 c6 19. Bh6 g6 20. Bxf8 cxd5 21. Bh6
dxe4 22. dxe4 b5 23. cxb5 axb5 24. e5 d5 25. Rad1 Bf8 26. Bxf8 Kxf8 27. Qb3 Rc5
28. Qb4 Qc7 29. Rxd5 {Black resigns} 1-0

[Event "Team 45 45 League T38"]
[Site "Internet Chess Club"]
[Date "2008.08.24"]
[Round "5"]
[White "cazj"]
[Black "Ghashgork"]
[Result "0-1"]
[WhiteElo "1425"]
[BlackElo "1680"]
[Opening "Pirc: Byrne variation"]
[ECO "B07"]
[Time "16:00:46"]
[TimeControl "2700+45"]

1. e4 d6 2. d4 Nf6 3. Nc3 g6 4. Bg5 Bg7 5. Bc4 Nc6 6. Nf3 Bg4 7. d5 Ne5 8. Be2
Bxf3 9. Bxf3 O-O 10. O-O h6 11. Bf4 Nfd7 12. Qe2 c5 13. Nd1 a6 14. c4 Nb6 15. b3
Nxf3+ 16. Qxf3 Bxa1 17. Bxh6 Bg7 18. Qh3 Qd7 19. Qh4 Bxh6 20. Qxh6 Qg4 21. Re1
Qh5 22. Qxh5 gxh5 23. Re3 f6 24. Rh3 Kf7 25. Rxh5 Rh8 26. Rf5 Rh7 27. Ne3 Rg8
28. f3 Nd7 29. Kf2 Ne5 30. h3 Rg5 31. Rf4 Nd3+ 32. Kf1 Nxf4 {White resigns} 0-1

[Event "Team 45 45 League T38"]
[Site "Internet Chess Club"]
[Date "2008.08.21"]
[Round "5"]
[White "Mutaant"]
[Black "FluberButon"]
[Result "1-0"]
[WhiteElo "1416"]
[BlackElo "1301"]
[Opening "Giuoco Pianissimo"]
[ECO "C55"]
[Time "18:00:11"]
[TimeControl "2700+45"]

1. e4 e5 2. Nf3 Nc6 3. Bc4 Nf6 4. d3 Bc5 5. O-O d6 6. Nc3 O-O 7. h3 Be6 8. Bxe6
fxe6 9. Na4 Bb6 10. Nxb6 axb6 11. b3 Nb4 12. a3 Nc6 13. Bb2 Nh5 14. Nxe5 Nf4 15.
Nxc6 bxc6 16. e5 dxe5 17. Bxe5 Ng6 18. Bb2 Rf5 19. Qg4 Ne5 20. Qe4 Qd6 21. Rae1
Ra5 22. Re2 Kf7 23. Rfe1 g6 24. b4 Ra4 25. Bxe5 Qd7 26. g4 Rxe5 27. Qxe5 Ke8 28.
Qh8+ Ke7 29. Qxh7+ Ke8 30. Rxe6+ Kd8 31. Qg8+ Qe8 32. Qxe8# {Black checkmated}
1-0